 Dungeon Crawl Stone Soup version 0.29.1-13-g9f3cf754e1 (webtiles) character file.

Game seed: 1060414837866727744

2955 unlimited1921 the Thaumaturge (level 10, -4/141 HPs)
             Began as a Djinni Fire Elementalist on Jan 23, 2023.
             Was an Elder of Fedhas.
             Slain by a meliai
             ... wielding a +0 war axe
              (8 damage)
             ... on level 8 of the Dungeon.
             The game lasted 00:52:34 (17579 turns).

unlimited1921 the Thaumaturge (DjFE)               Turns: 17579, Time: 00:52:35

Health: -4/141     AC: 25    Str: 13    XL:     10   Next: 8%
Gold:   153        EV:  2    Int: 20    God:    Fedhas [****..] SH:  0 Dex: 15

rFire   + . .      SeeInvis .   j - +0 trident (venom)
rCold   . . .      Faith    .   B - orb {*Rage}
rNeg    . . .      Spirit   .   (body armour currently unavailable)
rPois   ∞          Reflect  .   (helmet currently unavailable)
rElec   .          Harm     .   (cloak currently unavailable)
rCorr   .          Rampage  .   (gloves currently unavailable)
Will    +....      Rage     20% (boots unavailable)
Stlth   .......... NoTele   +   (no amulet)
HPRegen 0.33/turn               l - ring of protection from fire
MPRegen 0.00/turn               u - +6 ring of strength

@: berserking, tree-form, very quick
A: stationary, stasis, torment immunity, boosted hp, sickness immunity, (fire
resistance 2), (cold vulnerability 1), float, innate caster, HP casting, extra
vitality 1
a: Renounce Religion, Wall of Briars, Grow Ballistomycete, Overgrow


You were on level 8 of the Dungeon.
You worshipped Fedhas.
Fedhas was greatly pleased with you.
You were a tree.
You visited 2 branches of the dungeon, and saw 9 of its levels.
You also visited: Ossuary.

You collected 318 gold pieces.
You spent 165 gold pieces at shops.

Inventory:

Hand Weapons
 j - a +0 trident of venom (weapon)
 m - a +1 dagger of electrocution
 o - a +2 dagger of flaming
 A - a +0 short sword of freezing
 G - a +3 flail
 I - a +2 short sword of protection
Missiles
 r - 4 silver javelins (quivered)
Armour
 f - +0 steam dragon scales
 q - a +0 pair of gloves (melded)
 B - an orb of wrath (worn)
 E - the +0 leather armour of the Gusle (melded) {rElec Str+4 Dex+3}
   (You found it on level 7 of the Dungeon)

   Str:       It affects your strength (+4).
   Dex:       It affects your dexterity (+3).
   rElec:     It insulates you from electricity.
Jewellery
 g - the ring of Afatel {rN+++ Will+ rCorr Int-5 Dex+3}
   (You took it off an orc wizard on level 5 of the Dungeon)

   [ring of willpower]

   Int:       It affects your intelligence (-5).
   Dex:       It affects your dexterity (+3).
   rN:        It renders you almost immune to negative energy.
   rCorr:     It protects you from acid and corrosion.
   Will:      It increases your willpower.
 l - a ring of protection from fire (left branch)
 s - a ring of willpower
 t - a ring of resist corrosion
 u - a +6 ring of strength (right branch)
Wands
 C - a wand of flame (24)
 F - a wand of mindburst (11)
Scrolls
 b - a scroll of blinking
 i - 3 scrolls of immolation
 p - 2 scrolls of poison
 x - a scroll of fear
 y - a scroll of enchant weapon
 z - 3 scrolls of teleportation
 J - 2 scrolls of enchant armour {unknown}
 L - a scroll of acquirement {unknown}
Potions
 a - a potion of lignification
 d - 5 potions of heal wounds
 e - 2 potions of ambrosia {unknown}
 h - 2 potions of mutation
 k - 2 potions of degeneration {unknown}
 n - 5 potions of curing
 v - a potion of might {unknown}
 D - a potion of invisibility
 H - a potion of experience {unknown}
 K - a potion of cancellation {unknown}


   Skills:
 + Level 1.4 Fighting
 + Level 1.0 Polearms
 + Level 2.1 Armour
 + Level 3.8 Dodging
 + Level 4.2 Stealth
 + Level 9.4 Spellcasting


You had 5 spell levels left.
You knew the following spells:

 Your Spells              Type           Power      Damage    Failure   Level
a - Foxfire               Conj/Fire      100%       2x1d9     1%          1
b - Scorch                Fire           94%        2d10      1%          2
c - Conjure Flame         Conj/Fire      47%        6-21      1%          3
d - Inner Flame           Hex/Fire       47%        N/A       1%          3
e - Flame Wave            Conj/Fire      47%        2d12      1%          4
f - Freeze                Ice            100%       1d11      1%          1
g - Blink                 Tloc           94%        N/A       1%          2
h - Mephitic Cloud        Conj/Pois/Air  47%        N/A       1%          3
i - Call Canine Familiar  Summ           47%        N/A       1%          3
Your spell library was empty.

Dungeon Overview and Level Annotations

Branches:
Dungeon (8/15)             Temple (1/1) D:4         Ossuary (visited)
   Lair: D:8-11

Altars:
Ashenzari
Cheibriados
Dithmenos
Elyvilon
Fedhas
Gozag
Makhleb
Nemelex Xobeh
Okawaru
Qazlal
Ru
Trog
Uskayaw
Wu Jian
Xom
Yredelemnul
Zin
The Shining One

Shops:
D:3 ?


Innate Abilities, Weirdness & Mutations

You are a tree.
Your roots penetrate the ground, keeping you stationary.
You cannot be teleported.
You are immune to unholy pain and torment.
Your maximum health is greatly increased.
Your equipment is partially melded.
You are immune to sickness and miasma.
You are immune to poison.
((Your flesh is very heat resistant. (rF++)))
((You are vulnerable to cold. (rC-)))
You float through the air rather than walking.
You learn spells naturally, not from books.
Your magical power is your life essence.
You have superior vitality. (+4 MHP)


Message History

You cannot move.
You cannot move.
You cannot move.
You cannot move.
You cannot move.
You cannot move.
You cannot move.
You closely miss the meliai. The meliai hits you but does no damage.
The meliai stings you but does no damage.
The meliai hits you but does no damage.
The meliai stings you but does no damage.
The orc hits you with a +2 vorpal war axe.
* * * LOW HITPOINT WARNING * * *
x2 The orc misses your wolf.
You are too berserk!
Unknown command.
Unknown command.
You are too berserk!
Unknown command.
Unknown command.
Unknown command.
You are too berserk!
Unknown command.
Unknown command.
Unknown command.
You hit the orc.
The orc is poisoned.
The orc is heavily wounded.
The meliai barely misses you.
The meliai stings you but does no damage.
The white ugly thing barely misses you.
You barely miss the meliai. The meliai hits you with a +0 war axe.
* * * LOW HITPOINT WARNING * * *
The meliai stings you.
* * * LOW HITPOINT WARNING * * *
The orc hits you but does no damage.
The orc hits your wolf with a +2 vorpal war axe.
The white ugly thing kicks you but does no damage.
The meliai hits you but does no damage. The meliai stings you!
You die...
Fedhas appreciates your contribution to the ecosystem.

#........########
##########......>........#
...............######.####
#######'#####..# #.....#
#.§...##.## ##.#.#.##
##...#..#.# #.......###
###...###.#.# #.##'##...#
#......#.u#o# #.#...#.#.#
#'..).....y♣h#
#.+...'.#.##
..#..#......#.#
#.#...#..... #
#.###...###.# #.#####.####
#. #.))## #.# #.......#
#..... #.# ####...##
####)# #.# #..## .. #.#
#..# ..# #.# #..# ##. #.#
#..#


You could see a white ugly thing, a meliai, an orc (very poisoned, ally target)
and a friendly wolf (summoned).

Vanquished Creatures
  A hornet (D:7)
  A wraith (D:8)
  A steam dragon (D:7)
  A water moccasin (D:8)
  2 sky beasts
  A black bear (D:6)
  An ogre (D:7)
  A phantom (D:6)
  4 kobold brigands
  3 bullfrogs
  A necrophage (D:6)
  3 scorpions (D:6)
  A water moccasin zombie (Ossuary)
  2 wights (D:8)
  3 killer bees (D:7)
  2 howler monkeys (D:8)
  4 hounds
  An orc priest (D:7)
  A gnoll bouda (D:8)
  Jessica (D:2)
  Terence (D:3)
  2 orc wizards
  7 iguanas
  2 mummies (Ossuary)
  4 adders
  6 gnolls
  A shadow imp (D:6)
  A white imp (D:8)
  2 ufetubi (D:5)
  3 adder zombies (Ossuary)
  2 worms
  24 orcs
  6 endoplasms
  2 giant cockroaches
  6 gnoll zombies (Ossuary)
  4 goblins
  2 hobgoblins
  5 quokkas
  5 ball pythons
  2 bats (D:3)
  5 hobgoblin zombies (Ossuary)
  27 kobolds
  6 kobold zombies (Ossuary)
  7 orc zombies (Ossuary)
  A rat (D:1)
168 creatures vanquished.

Vanquished Creatures (collateral kills)
  A water moccasin zombie (Ossuary)
  A scorpion (D:8)
  3 kobolds (D:7)
  A kobold zombie (Ossuary)
6 creatures vanquished.

Vanquished Creatures (others)
  A white imp (D:7)
  2 demonic plants (D:2)
  499 foxfires
  21 fungi (D:8)
  18 plants
541 creatures vanquished.

Grand Total: 715 creatures vanquished

Notes
Turn   | Place    | Note
-------+----------+-------------------------------------------
     0 | D:1      | unlimited1921 the Djinni Fire Elementalist began the quest
                  | for the Orb.
     0 | D:1      | unlimited1921 set off with the following spells memorised:
                  | Foxfire, Scorch, Conjure Flame, Inner Flame, Flame Wave.
     0 | D:1      | Reached XP level 1. HP: 15/15 MP: 0/0
  1413 | D:1      | Reached XP level 2. HP: 19/21 MP: 0/0
  2551 | D:2      | Noticed Jessica
  2558 | D:2      | Killed Jessica
  2559 | D:2      | Reached skill level 3 in Spellcasting
  2559 | D:2      | Reached XP level 3. HP: 21/25 MP: 0/0
  2559 | D:2      | Learned a level 1 spell: Freeze
  3430 | D:2      | Found a faded altar of an unknown god.
  3430 | D:2      | Noticed a neqoxec
  4037 | D:3      | Reached XP level 4. HP: 29/31 MP: 0/0
  4092 | D:3      | Noticed Terence
  4092 | D:3      | You are sucked into a shaft and drop 1 floor!
  4346 | D:4      | Found a staircase to the Ecumenical Temple.
  4497 | Temple   | Entered the Ecumenical Temple
  4544 | Temple   | Became a worshipper of Fedhas Madash
  4749 | D:4      | Reached XP level 5. HP: 30/35 MP: 0/0
  4749 | D:4      | Learned a level 2 spell: Blink
  4851 | D:4      | Reached skill level 4 in Spellcasting
  6135 | D:3      | Killed Terence
  6858 | D:3      | Found Kadoesk's Magic Scroll Shop.
  6876 | D:3      | Reached XP level 6. HP: 32/40 MP: 0/0
  7044 | D:3      | Bought a scroll of identify for 22 gold pieces
  7044 | D:3      | Bought a scroll of teleportation for 33 gold pieces
  7044 | D:3      | Bought a scroll of poison for 44 gold pieces
  7044 | D:3      | Bought 2 scrolls of identify for 44 gold pieces
  7044 | D:3      | Bought a scroll of identify for 22 gold pieces
  8027 | D:5      | Entered Level 5 of the Dungeon
  8203 | D:5      | Identified the ring of Afatel {rN+++ Will+ rCorr Int-5
                  | Dex+3}
 10084 | D:5      | Reached skill level 5 in Spellcasting
 10084 | D:5      | Reached XP level 7. HP: 42/45 MP: 0/0
 10084 | D:5      | Learned a level 3 spell: Mephitic Cloud
 10783 | D:6      | Reached * piety under Fedhas
 11074 | D:6      | Reached skill level 6 in Spellcasting
 11074 | D:6      | Reached XP level 8. HP: 7/50 MP: 0/0
 13006 | D:7      | Noticed a hornet
 13011 | D:7      | Killed a hornet
 13012 | D:7      | Reached skill level 7 in Spellcasting
 13278 | D:7      | Reached XP level 9. HP: 9/56 MP: 0/0
 13278 | D:7      | Learned a level 3 spell: Call Canine Familiar
 13600 | D:7      | Reached ** piety under Fedhas
 13747 | D:7      | Identified the +0 leather armour of the Gusle {rElec Str+4
                  | Dex+3}
 14205 | D:7      | Reached skill level 1 in Fighting
 14823 | D:7      | Reached skill level 8 in Spellcasting
 15050 | D:7      | Reached skill level 1 in Polearms
 15313 | D:7      | Found a hide-covered altar of Uskayaw.
 15545 | D:8      | Found a sand-covered staircase.
 15550 | Ossuary  | Entered an ossuary
 15607 | Ossuary  | Reached *** piety under Fedhas
 16656 | D:8      | Reached skill level 1 in Armour
 17559 | D:8      | Reached skill level 9 in Spellcasting
 17564 | D:8      | Reached **** piety under Fedhas
 17565 | D:8      | Reached XP level 10. HP: 40/63 MP: 0/0
 17572 | D:8      | Noticed a white ugly thing
 17579 | D:8      | HP: 7/141 [meliai/+0 war axe (1)]
 17579 | D:8      | Slain by a meliai

Illustrated notes

Levels and vault maps discovered:
D:1:      kennysheep_arrival_forest, layout_basic
D:2:      layout_loops_ring, dreamdust_ecumenical_altar_sealed_demon,
          uniq_jessica
D:3:      layout_basic, serial_shops, shop, uniq_terence
D:4:      layout_basic, minmay_temple_entry_stoned_glass
D:5:      layout_loops_ring, chequers_serial_rivers_micro_e,
          minmay_misc_feat_hallway
D:6:      layout_basic, minivault_24, serial_bayou_pond_b
D:7:      layout_loops_corners, nicolae_uskayaw_dance_studio
D:8:      layout_basic, grunt_lair_entry_orc_guard_hut, enter_ossuary_2,
          minmay_the_grid_2x2 [minmay_the_grid_square_x, minmay_the_grid_eight,
          minmay_the_grid_small_cups, minmay_the_grid_prize_big_room]
Temple:   hellmonk_temple_of_storms

Skill      XL: |  1  2  3  4  5  6  7  8  9 |
---------------+----------------------------+-----
Spellcasting   | 3 4 5 6 7 9 |  9.4
Stealth        | 2 3 4 |  4.2
Dodging        | 3 |  3.8
Fighting       | 1 |  1.4
Polearms       | 1 |  1.0
Armour         | 2 |  2.1

Action                   |  1- 3 |  4- 6 |  7- 9 | 10-12 || total
-------------------------+-------+-------+-------+-------++-------
Melee: Trident           |       |       |    10 |     4 ||    14
 Cast: Foxfire           |    51 |    92 |   159 |       ||   302
       Scorch            |     7 |    25 |    40 |       ||    72
       Freeze            |       |     3 |     2 |       ||     5
       Inner Flame       |       |     4 |    48 |       ||    52
       Mephitic Cloud    |       |       |     3 |       ||     3
       Conjure Flame     |       |       |     5 |       ||     5
       Call Canine Famil |       |       |    12 |     1 ||    13
  Use: Scroll            |       |     9 |     3 |       ||    12
       Potion            |       |       |     3 |     2 ||     5
Armor: Robe              |     1 |     1 |     4 |       ||     6
       Leather armour    |       |       |     2 |     2 ||     4
       Skin              |       |       |       |    16 ||    16
Dodge: Dodged            |     7 |     5 |    33 |     7 ||    52
